 Dungeon Crawl Stone Soup version 0.30-a0-51-g784eafce7f (webtiles) character file.

Game seed: 2341268344453491369

3207 frimble the Trooper (level 9, -2/71 HPs)
             Began as a Demonspawn Cinder Acolyte on Sept 6, 2022.
             Was a Follower of Cheibriados.
             Slain by an unseen horror (4 damage)
             ... on level 12 of the Dungeon.
             The game lasted 00:18:36 (7198 turns).

frimble the Trooper (Demonspawn Cinder Acolyte)     Turns: 7198, Time: 00:18:37

Health: -2/71      AC: 21    Str: 18    XL:     9   Next: 65%
Magic:  13/13      EV:  6    Int: 18    God:    Cheibriados [*.....]
Gold:   265        SH:  5    Dex: 16    Spells: 12/14 levels left

rFire   . . .      SeeInvis .      - Unarmed
rCold   . . .      Faith    .    (no shield)
rNeg    . . .      Spirit   .    j - +9 plate armour of Uskayaw's Benevolence {Stlth+}
rPois   .          Reflect  +    (helmet restricted)
rElec   .          Harm     .    (no cloak)
rCorr   .          Rampage  .    (no gloves)
Will    .....                    (no boots)
Stlth   ..........               n - amulet of reflection
HPRegen 0.21/turn                (no ring)
MPRegen 0.13/turn                (no ring)

@: marked, fire susceptible, very slow
A: antennae 2, thin metallic scales 1, powered by death 3
a: Renounce Religion, Bend Time


You were on level 12 of the Dungeon.
You worshipped Cheibriados.
Cheibriados was aware of your devotion.
You visited 2 branches of the dungeon, and saw 11 of its levels.

You collected 346 gold pieces.
You spent 81 gold pieces at shops.

Inventory:

Hand Weapons
 k - a +0 long sword of draining
 o - a +0 broad axe of electrocution
 q - a +1 falchion of flaming
Missiles
 m - 2 throwing nets
Armour
 h - a +0 buckler
 j - the +9 plate armour of Uskayaw's Benevolence (worn) {Stlth+}
   (You found it on level 5 of the Dungeon)

   Stlth:     It makes you more stealthy.
 l - a +2 robe of willpower
Jewellery
 n - an amulet of reflection (around neck)
Scrolls
 d - a scroll of identify
 i - a scroll of torment
Potions
 b - a potion of cancellation
 e - a potion of lignification


   Skills:
 + Level 6.9 Fighting
 - Level 4.1(5.2) Short Blades
 + Level 4.7(5.5) Long Blades
 - Level 3.0 Dodging
 - Level 2.6 Unarmed Combat
 - Level 3.0 Spellcasting
 - Level 5.8 Fire Magic
 + Level 5.7 Invocations
 - Level 4.0 Evocations


You had 12 spell levels left.
You knew the following spells:

 Your Spells              Type           Power      Damage    Failure   Level
a - Scorch                Fire           46%        2d7       77%         2

Your spell library contained the following spells:

 Spells                   Type           Power      Damage    Failure   Level
 Magic Dart               Conj           8%         1d3       100%        1
 Searing Ray              Conj           4%         2d4       100%        2
 Call Canine Familiar     Summ           2%         N/A       100%        3
 Frozen Ramparts          Ice            4%         1d1       100%        3
 Portal Projectile        Hex/Tloc       4%         N/A       100%        3
 Fulminant Prism          Conj/Hex       1%         3d6       100%        4
 Ice Form                 Ice/Tmut       2%         N/A       100%        4
 Leda's Liquefaction      Hex/Erth       1%         N/A       100%        4
 Summon Ice Beast         Ice/Summ       2%         N/A       100%        4
 Conjure Ball Lightning   Conj/Air       1%         3x3d6     100%        6
 Discord                  Hex            1%         N/A       100%        8
 Disjunction              Tloc           1%         N/A       100%        8


Dungeon Overview and Level Annotations

Branches:
Dungeon (9/15)             Temple (1/1) D:5
   Lair: D:8-11         Orc: D:9-12

Altars:
Ashenzari
Cheibriados
Dithmenos
Fedhas
Gozag
Makhleb
Nemelex Xobeh
Okawaru
Qazlal
Ru
Sif Muna
Trog
Uskayaw
Vehumet
Xom
Yredelemnul

Shops:
D:2 [:=   D:8 [

Annotations:
D:4 dig
D:9 1 runed translucent door, 1 exclusion, ytrimaz's ghost, novice OpTm


Innate Abilities, Weirdness & Mutations

You have a pair of antennae on your head.
You are partially covered in thin metallic scales. (AC +2)
You regenerate a lot of health from kills.


Message History

The vampire mosquito bites you.
* * * LOW HITPOINT WARNING * * *
The vampire mosquito draws strength from your injuries!
The four-headed hydra bites you but does no damage.
The four-headed hydra bites you.
* * * LOW HITPOINT WARNING * * *
The four-headed hydra barely misses you.
The four-headed hydra completely misses you.
Okay, then.
Unknown command.
Okay, then.
You aren't carrying any items that you can evoke.
Unknown command.
Casting: Scorch (dangerous; 77% risk of failure)
Confirm with . or Enter, or press ? or * to list all spells.
Okay, then.
The vampire mosquito attacks as you move away!
The vampire mosquito bites you but does no damage.
You block the vampire mosquito's attack.
The vampire mosquito is no longer moving slowly.
Something hits you but does no damage.
Deactivating autopickup; reactivate with Ctrl-A.
Something hits you but does no damage. x3
You block the four-headed hydra's attack.
The four-headed hydra bites you but does no damage.
The four-headed hydra bites you.
* * * LOW HITPOINT WARNING * * *
You block the four-headed hydra's attack.
The four-headed hydra attacks as you move away!
The four-headed hydra bites you.
* * * LOW HITPOINT WARNING * * *
The four-headed hydra bites you.
* * * LOW HITPOINT WARNING * * *
The four-headed hydra bites you.
* * * LOW HITPOINT WARNING * * *
The four-headed hydra bites you but does no damage.
Something hits you but does no damage. Something hits you.
* * * LOW HITPOINT WARNING * * *
Something hits you.
You die...

####################
....................
#####.....yD#### .
#..####{#
..########..# #@#
...........{####.#
.................#
...........$..(..#
..........C......#
...........#####..
...........# #..
...........# #..
...........#


You could see a four-headed hydra and a vampire mosquito.

Vanquished Creatures
  A hornet (D:8)
  Sigmund (D:5)
  Eustachio (D:4)
  A steam dragon (D:7)
  Edmund (D:6)
  3 wargs
  2 orc warriors (D:5)
  2 black bears
  An ogre (D:5)
  2 phantoms
  A bullfrog (D:4)
  3 scorpions
  A necrophage (D:4)
  4 wights (D:7)
  3 killer bees
  3 hounds
  2 jellies
  6 orc priests
  Jessica (D:3)
  2 iguanas
  9 orc wizards
  7 gnolls
  5 adders
  A white imp (D:8)
  An ufetubus (D:7)
  2 worms
  3 dart slugs
  32 orcs
  11 ball pythons
  9 endoplasms
  2 giant cockroaches (D:4)
  8 hobgoblins
  A jackal (D:3)
  3 quokkas
  3 bats
  3 frilled lizards
  12 goblins
  10 kobolds
  7 rats
170 creatures vanquished.

Vanquished Creatures (others)
  12 fungi (D:1)
  7 plants (D:1)
19 creatures vanquished.

Grand Total: 189 creatures vanquished

Notes
Turn   | Place    | Note
-------+----------+-------------------------------------------
     0 | D:1      | frimble the Demonspawn Cinder Acolyte began the quest for
                  | the Orb.
     0 | D:1      | Reached XP level 1. HP: 18/18 MP: 2/2
   267 | D:1      | Found a faded altar of an unknown god.
   455 | D:1      | Gained mutation: You regenerate a little health from kills.
                  | [demonic ancestry]
   455 | D:1      | Reached XP level 2. HP: 20/24 MP: 3/3
   622 | D:1      | Learned a level 2 spell: Scorch
  1220 | D:2      | Gained mutation: You regenerate health from kills. [demonic
                  | ancestry]
  1220 | D:2      | Reached XP level 3. HP: 29/29 MP: 1/4
  1341 | D:2      | Found Fooroill's Jewellery Shoppe.
  1484 | D:2      | Found Soaq's Book Shoppe.
  2091 | D:2      | Found Icounoix's Antique Armour Emporium.
  2387 | D:2      | Bought a glowing robe for 81 gold pieces
  2526 | D:3      | Reached XP level 4. HP: 35/35 MP: 1/7
  2767 | D:3      | Noticed Jessica
  2790 | D:3      | Killed Jessica
  2791 | D:3      | Reached skill level 1 in Long Blades
  2855 | D:3      | Gained mutation: You are partially covered in thin metallic
                  | scales. (AC +2) [demonic ancestry]
  2855 | D:3      | Reached XP level 5. HP: 40/41 MP: 8/8
  3377 | D:4      | Noticed a phantom
  3390 | D:4      | Killed a phantom
  3391 | D:4      | Reached skill level 1 in Evocations
  3391 | D:4      | Reached XP level 6. HP: 41/47 MP: 4/10
  3634 | D:4      | Reached skill level 1 in Dodging
  3675 | D:4      | Noticed Eustachio
  3688 | D:4      | Killed Eustachio
  3689 | D:4      | Gained mutation: You regenerate a lot of health from kills.
                  | [demonic ancestry]
  3689 | D:4      | Reached XP level 7. HP: 29/52 MP: 9/11
  4082 | D:4      | Reached skill level 1 in Short Blades
  4391 | D:5      | Entered Level 5 of the Dungeon
  4564 | D:4      | Reached XP level 8. HP: 51/60 MP: 8/12
  4631 | D:5      | Reached skill level 4 in Fighting
  4631 | D:5      | Reached skill level 5 in Fire Magic
  5322 | D:5      | Noticed Sigmund
  5388 | D:5      | Identified the +1 robe of Lust {Str-4 Dex+7}
  5398 | D:5      | Killed Sigmund
  5399 | D:5      | Reached skill level 5 in Fighting
  5533 | D:5      | Found a staircase to the Ecumenical Temple.
  5642 | D:5      | Identified the +9 plate armour of Uskayaw's Benevolence
                  | {Stlth+}
  5907 | Temple   | Entered the Ecumenical Temple
  5967 | Temple   | Fell from the grace of Ignis
  5967 | Temple   | Became a worshipper of Cheibriados the Contemplative
  6028 | D:6      | Noticed Edmund
  6044 | D:6      | Killed Edmund
  6045 | D:6      | Reached skill level 1 in Invocations
  6351 | D:7      | Gained mutation: You have a pair of small antennae on your
                  | head. [demonic ancestry]
  6351 | D:7      | Reached XP level 9. HP: 51/67 MP: 7/13
  6773 | D:8      | Reached skill level 6 in Fighting
  6826 | D:7      | Reached * piety under Cheibriados
  6944 | D:7      | Gained mutation: You have a pair of antennae on your head.
                  | [potion of mutation]
  6966 | D:8      | HP: 2/71 [hornet (3)]
  6968 | D:8      | Reached skill level 5 in Invocations
  7020 | D:8      | Found a snail-covered altar of Cheibriados.
  7021 | D:8      | Found Cheibriados's Comfort Zone.
  7119 | D:9      | Found a runed translucent door.
  7120 | D:9      | Noticed a cyclops
  7120 | D:9      | Noticed ytrimaz's ghost (novice OpTm)
  7162 | D:9      | You fall into a shaft and drop 3 floors!
  7166 | D:12     | Noticed a four-headed hydra
  7185 | D:12     | Noticed a cyclops
  7198 | D:12     | HP: 3/71 [four-headed hydra (6)]
  7198 | D:12     | Slain by an unseen horror

Illustrated notes

Levels and vault maps discovered:
D:1:      spicycebolla_arrival_clurvy, layout_rooms,
          ebering_ecumenical_altar_box, grunt_decor_junction, st_stairs_9
D:2:      cheibrodos_helix_gallery, layout_loops_corners, serial_shops, shop,
          nicolae_shop_stone, nicolae_diamond_shop, nicolae_figureground_pulse
D:3:      layout_rooms, wad_rectangle_vault, uniq_jessica
D:4:      layout_loops_ring, minmay_statues_item, uniq_eustachio
D:5:      layout_basic, minmay_temple_entry_gardened_gates, uniq_sigmund
D:6:      layout_loops_ring, uniq_edmund
D:7:      layout_basic
D:8:      layout_loops_ring, erik_lair_orcish_takeover, special_room
          [special_room_kobold], minmay_shop_chei, chequers_hall_statues_y
D:9:      layout_long_grid, lemuel_mausoleum_altar_kikubaaqudgha,
          ebering_ghost_inner_flame, dk_vineyard_2
D:12:     layout_small_grid, elyvilon_altar_5, uniq_fannar, uniq_kirke
Temple:   compressed_dpeg_triangle_lava_temple

Skill      XL: |  1  2  3  4  5  6  7  8  9 |
---------------+----------------------------+-----
Fire Magic     | 3 4 5 |  5.8
Spellcasting   | 2 3 |  3.0
Long Blades    | 1 3 4 |  4.7
Evocations     | 1 2 4 |  4.0
Dodging        | 2 3 |  3.0
Short Blades   | 1 4 |  4.1
Fighting       | 5 6 |  6.9
Invocations    | 2 5 |  5.7
Unarmed Combat | |  2.6

Action                   |  1- 3 |  4- 6 |  7- 9 || total
-------------------------+-------+-------+-------++-------
Melee: Unarmed           |    85 |       |    13 ||    98
       Long sword        |     8 |   128 |       ||   136
       Punch             |     1 |     3 |     6 ||    10
       Falchion          |       |       |   282 ||   282
 Cast: Scorch            |    25 |    22 |    54 ||   101
Invok: Bend Time         |       |       |     1 ||     1
Evoke: Wand              |       |     3 |    20 ||    23
  Use: Scroll            |     4 |     2 |    11 ||    17
       Potion            |       |       |    11 ||    11
 Stab: Invisible         |       |       |     2 ||     2
       Sleeping          |       |       |     1 ||     1
Armor: Robe              |    30 |    73 |    86 ||   189
       Plate armour      |       |       |    83 ||    83
Dodge: Dodged            |    40 |    71 |   189 ||   300
Block: Other             |       |    21 |    85 ||   106
       Reflection        |       |     1 |     2 ||     3

Table legend: (Time is in decaauts)
 A = Elapsed time spent in this place.
 B = Non-inter-level travel time spent in this place.
 C = Inter-level travel time spent in this place.
 D = Time resting spent in this place.
 E = Time spent auto-exploring this place.
 F = Levels seen in this place.
 G = Mean time per level.
                   A        B        C        D        E       F      G
               +--------+--------+--------+--------+--------+-----+--------+
         Total |   7441 |   7087 |    354 |    413 |   4965 |  11 |  676.5 |
       Dungeon |   7360 |   7027 |    333 |    413 |   4923 |  10 |  736.0 |
        Temple |     81 |     60 |     21 |      0 |     42 |   1 |   81.0 |
               +--------+--------+--------+--------+--------+-----+--------+

Top non-repeatable levels by time:
     D:4: 1579 daAuts
     D:2: 1392 daAuts
     D:5: 1195 daAuts
     D:1: 1110 daAuts
     D:3: 742 daAuts
     D:7: 515 daAuts
     D:8: 382 daAuts
     D:6: 303 daAuts
     D:9: 95 daAuts
  Temple: 81 daAuts
    D:12: 42 daAuts
